 Dungeon Crawl Stone Soup version 0.29.1-15-g9cfb28693d (webtiles) character file.

Game seed: 17328118826212442843

10 Thatpatchoflichen the Slasher (level 2, -2/22 HPs)
             Began as a Human Gladiator on Mar 5, 2023.
             Slain by a quokka (4 damage)
             ... on level 1 of the Dungeon.
             The game lasted 00:00:56 (407 turns).

Thatpatchoflichen the Slasher (Human Gladiator)      Turns: 407, Time: 00:00:57

Health: -2/22      AC:  4    Str: 14    XL:     2   Next: 30%
Magic:  2/2        EV: 12    Int:  8    God:
Gold:   38         SH:  0    Dex: 14    Spells: 1/1 levels left

rFire   . . .      SeeInvis .   a - +0 long sword
rCold   . . .      Faith    .   (no shield)
rNeg    . . .      Spirit   .   b - +0 leather armour
rPois   .          Reflect  .   c - +0 helmet
rElec   .          Harm     .   (no cloak)
rCorr   .          Rampage  .   (no gloves)
Will    .....                   (no boots)
Stlth   +.........              (no amulet)
HPRegen 0.07/turn               (no ring)
MPRegen 0.08/turn               (no ring)

@: no status effects
A: no striking features
a: no special abilities


You were on level 1 of the Dungeon.
You visited 1 branch of the dungeon, and saw 1 of its levels.

You collected 38 gold pieces.

Inventory:

Hand Weapons
 a - a +0 long sword (weapon)
Missiles
 d - 3 throwing nets (quivered)
 e - a javelin
 j - 3 poisoned darts
Armour
 b - a +0 leather armour (worn)
 c - a +0 helmet (worn)
Scrolls
 f - a scroll of magic mapping {unknown}
 i - a scroll of identify {unknown}
Potions
 g - 2 potions of degeneration {unknown}
 h - a potion of flight {unknown}


   Skills:
 + Level 2.2 Fighting
 + Level 3.2 Long Blades
 - Level 2.0 Throwing
 + Level 0.6 Armour
 + Level 3.1 Dodging


You had one spell level left.
You didn't know any spells.
Your spell library was empty.

Dungeon Overview and Level Annotations

Branches:
Dungeon (1/15)

Altars:


Message History

You barely miss the goblin. The goblin hits you with a +0 dagger.
The goblin closely misses you.
You hit the goblin but do no damage. The goblin hits you but does no damage.
You closely miss the goblin. The goblin hits you with a +0 dagger.
You hit the goblin but do no damage. The goblin misses you.
You barely miss the goblin. The goblin hits you but does no damage.
The goblin misses you.
You slash the goblin!
You kill the goblin!
The goblin hits you with a +0 club.
The kobold hits you with a +0 short sword.
* * * LOW HITPOINT WARNING * * *
The goblin hits you but does no damage.
You barely miss the goblin.
A quokka comes into view.
The goblin barely misses you.
The kobold hits you with a +0 short sword.
* * * LOW HITPOINT WARNING * * *
You hit the goblin.
The goblin is moderately wounded.
The kobold hits you but does no damage. The goblin barely misses you.
You closely miss the goblin.
The goblin is moderately wounded.
The goblin misses you. The kobold hits you but does no damage.
You barely miss the goblin.
The goblin is moderately wounded.
The kobold closely misses you. The goblin hits you with a +0 club.
* * * LOW HITPOINT WARNING * * *
The kobold barely misses you. The goblin hits you with a +0 club.
* * * LOW HITPOINT WARNING * * *
You slash the goblin!
You kill the goblin!
The kobold closely misses you. The kobold hits you but does no damage.
Things that are here:
a +0 club; a +0 robe; a goblin corpse You hit the kobold.
You kill the kobold!
The quokka bites you.
You die...

..........###..~~≈~~~~.≈≈≈
####......# ##...~≈~≈≈~≈≈~
.....#.### ##..~≈≈≈≈≈≈≈~
.##.#...# #.~~~~≈≈≈~~~ #
#.#...# #.~..≈~~.≈~.
#.....# #.~~~.....~.
###...#################
###...(...# #.....@r..#
#.#.##)#..# #..# .#...#
#.# ## #..# #. ..# # .# .#
#


You could see a quokka.

Vanquished Creatures
  3 giant cockroaches (D:1)
  2 goblins (D:1)
  A hobgoblin (D:1)
  A ball python (D:1)
  2 frilled lizards (D:1)
  A kobold (D:1)
10 creatures vanquished.

Notes
Turn   | Place    | Note
-------+----------+-------------------------------------------
     0 | D:1      | Thatpatchoflichen the Human Gladiator began the quest for
                  | the Orb.
     0 | D:1      | Reached XP level 1. HP: 16/16 MP: 1/1
   319 | D:1      | Found a faded altar of an unknown god.
   394 | D:1      | Reached XP level 2. HP: 12/22 MP: 2/2
   404 | D:1      | HP: 1/22 [goblin/+0 club (2)]
   407 | D:1      | Slain by a quokka

Illustrated notes

Levels and vault maps discovered:
D:1:      evilmike_arrival_home_sweet_home, layout_rooms,
          chequers_ecumenical_altar_island, minmay_small_reverse_x

Action                   || total
-------------------------++-------
Melee: Long sword        ||    42
Armor: Leather armour    ||    16
Dodge: Dodged            ||    33
